[Event "Titled Tuesday Blitz July 11 Late 2023"]
[White "Osmak, Yuliia"]
[Black "Shuvalova, Polina"]
[WhiteFideId "14101602"]
[BlackFideId "24171760"]
[WhiteElo "2523"]
[BlackElo "2664"]
[Result "0-1"]
[Round "6"]
[TimeControl "180+2"]
[Date "2023.07.11"]
[WhiteClock "0:00:00"]
[BlackClock "0:00:26"]
[Board "50"]

1. d4 Nf6 2. c4 e6 3. Nc3 d5 4. cxd5 Nxd5 5. e4 Nxc3 6. bxc3 c5 7. Rb1 Be7 8. Nf3 O-O 9. Bc4 a6 10. a4 cxd4 11. cxd4 Qc7 12. Qe2 Bd7 13. Qa2 Rc8 14. Ne5 Bf6 15. Nxd7 Nxd7 16. Bb3 Bxd4 17. O-O Nc5 18. Bc2 b5 19. Rd1 e5 20. Bd2 Qc6 21. axb5 axb5 22. Qd5 Qf6 23. Be1 Rd8 24. Rxd4 Rxd5 25. Rxd5 Ne6 26. Rdxb5 g6 27. Rb8+ Rxb8 28. Rxb8+ Kg7 29. Rb1 Nd4 30. Bd3 h5 31. Bd2 h4 32. h3 Qd6 33. Be3 Ne6 34. Rd1 Qa3 35. Be2 Qb3 36. Bf3 Qb2 37. Re1 Nd4 38. Bg4 Nc2 0-1


[Site "https://www.chess.com"]

[Event "Titled Tuesday Blitz July 11 Late 2023"]
[White "ArchibaldCerveza29"]
[Black "Mikhailov, Viacheslav"]
[BlackFideId "4187369"]
[WhiteElo "2521"]
[BlackElo "2663"]
[Result "1-0"]
[Round "6"]
[TimeControl "180+2"]
[Date "2023.07.11"]
[WhiteClock "0:00:20"]
[BlackClock "0:00:02"]
[Board "51"]

1. e4 c5 2. c3 d6 3. d4 cxd4 4. cxd4 Nf6 5. Nc3 g6 6. Bc4 Bg7 7. Be3 O-O 8. f3 Nc6 9. Nge2 a6 10. O-O b5 11. Bb3 Na5 12. Kh1 Bd7 13. e5 Ne8 14. f4 Nxb3 15. axb3 Bc6 16. Qe1 Nc7 17. Qg3 b4 18. Nd1 Bb5 19. Re1 e6 20. Nf2 Nd5 21. Bd2 Rc8 22. Ne4 Rc2 23. Rad1 dxe5 24. fxe5 Rxb2 25. Bg5 Qb6 26. Nf4 Bc6 27. Nf6+ Bxf6 28. exf6 Nxf4 29. Qxf4 Rxg2 30. d5 Rxg5 31. Qxg5 Bxd5+ 32. Rxd5 exd5 33. Rf1 Qb5 34. Rf2 Re8 35. Qh6 Re1+ 36. Kg2 Qc6 37. Qg7# 1-0


[Site "https://www.chess.com"]

[Event "Titled Tuesday Blitz July 11 Late 2023"]
[White "feuervogel1000000"]
[Black "Omelja, Artem"]
[BlackFideId "14119846"]
[WhiteElo "2520"]
[BlackElo "2647"]
[Result "0-1"]
[Round "6"]
[TimeControl "180+2"]
[Date "2023.07.11"]
[WhiteClock "0:01:55"]
[BlackClock "0:01:20"]
[Board "52"]

1. d4 d5 2. c4 e6 3. Nf3 c6 4. Nc3 dxc4 5. a4 Bb4 6. e4 b5 7. axb5 cxb5 8. Bd2 Bxc3 9. bxc3 Nf6 10. Qb1 a6 11. Be2 Nbd7 12. h4 Bb7 13. e5 Ne4 14. h5 h6 15. Qc1 Nb6 16. Rh4 Nxd2 17. Qxd2 Bxf3 18. Bxf3 Qxh4 19. Bxa8 Nxa8 20. Rxa6 O-O 0-1


[Site "https://www.chess.com"]

[Event "Titled Tuesday Blitz July 11 Late 2023"]
[White "benny_aizenberg"]
[Black "Tifferet, Shaked"]
[BlackFideId "2811529"]
[WhiteElo "2644"]
[BlackElo "2520"]
[Result "1-0"]
[Round "6"]
[TimeControl "180+2"]
[Date "2023.07.11"]
[WhiteClock "0:00:03"]
[BlackClock "0:00:04"]
[Board "53"]

1. f4 g6 2. e4 Bg7 3. Nf3 c5 4. Be2 d5 5. e5 Nc6 6. O-O Bg4 7. c3 e6 8. h3 Bxf3 9. Bxf3 Nge7 10. d3 Qb6 11. Qc2 g5 12. g3 Nf5 13. Qf2 h5 14. Re1 O-O-O 15. a4 gxf4 16. Bxf4 Bh6 17. Bxh6 Rxh6 18. Kh2 Rg8 19. Bxd5 Rxg3 20. Bh1 Rxd3 21. Na3 Qc7 22. Nb5 Qe7 23. Rad1 Rxd1 24. Rxd1 Nxe5 25. Qf4 Nc6 26. Nd6+ Nxd6 27. Qxh6 Ne5 28. Qxh5 Ng6 29. Qf3 Kc7 30. b4 Nh4 31. Qg3 Nf5 32. Qe5 c4 33. Qc5+ Kd7 34. Qb5+ Kc8 35. Qc5+ Kd7 36. Bxb7 Qh4 37. Qc6+ Ke7 38. Qc7+ Kf8 39. Bg2 Qf4+ 40. Kg1 Qe3+ 41. Kh1 Ng3+ 42. Kh2 Ndf5 43. Qd8+ Kg7 44. h4 Qf2 45. Qg5+ Kh7 46. Kh3 Ne2 47. Qh5+ Kg7 48. Qg4+ Kh7 49. Rf1 Qe3+ 50. Rf3 Ng1+ 51. Kh2 Nxf3+ 52. Qxf3 Qe5+ 53. Kh3 Kg7 54. Qg4+ Kf6 55. Qg5# 1-0


[Site "https://www.chess.com"]

[Event "Titled Tuesday Blitz July 11 Late 2023"]
[White "Deng, Henry"]
[Black "Bjelobrk, Igor"]
[WhiteFideId "30965454"]
[BlackFideId "4300726"]
[WhiteElo "2519"]
[BlackElo "2635"]
[Result "0-1"]
[Round "6"]
[TimeControl "180+2"]
[Date "2023.07.11"]
[WhiteClock "0:00:02"]
[BlackClock "0:00:03"]
[Board "54"]

1. e4 e6 2. d4 d5 3. Nd2 c5 4. Ngf3 Nc6 5. exd5 exd5 6. Bb5 cxd4 7. O-O Bd6 8. Nb3 Ne7 9. Nbxd4 O-O 10. c3 Bg4 11. h3 Nxd4 12. cxd4 Bh5 13. Be2 Nc6 14. Be3 Re8 15. Qb3 Bc7 16. Qa3 Re4 17. Rfe1 Ba5 18. Red1 Qd7 19. b3 Rae8 20. Rac1 Bc7 21. Qc5 Bd6 22. Qc2 Bb8 23. Ne5 Nxe5 24. Bxh5 Nc6 25. Bf3 Rxe3 26. fxe3 Qd6 27. Qf2 Qh2+ 28. Kf1 Ne7 29. Bg4 g6 30. Ke2 Qd6 31. Kd3 h5 32. Bf3 Nf5 33. Re1 Qa6+ 34. Kc3 Qa3 35. Bxd5 Bg3 36. Qf3 Bxe1+ 37. Rxe1 Qxa2 38. Kd3 Rd8 39. e4 Nd6 40. Rc1 Qa6+ 41. Ke3 Re8 42. Rc7 Rf8 43. Kf2 Qb6 44. Rc5 Qb4 45. Qf6 Qd2+ 46. Kg3 Ne8 47. Qxg6+ Ng7 48. Qf6 h4+ 49. Kh2 Qe3 50. Qe5 Re8 51. Qc7 Ne6 52. Bxe6 Rxe6 53. Qd8+ Kg7 54. Re5 Rg6 55. Rh5 Qf4+ 56. Kh1 Qf1+ 57. Kh2 Qxg2# 0-1


[Site "https://www.chess.com"]

[Event "Titled Tuesday Blitz July 11 Late 2023"]
[White "Womacka, Mathias"]
[Black "Kantans, Toms"]
[WhiteFideId "4611390"]
[BlackFideId "11602945"]
[WhiteElo "2519"]
[BlackElo "2634"]
[Result "0-1"]
[Round "6"]
[TimeControl "180+2"]
[Date "2023.07.11"]
[WhiteClock "0:00:00"]
[BlackClock "0:00:05"]
[Board "55"]

1. e4 c5 2. Nf3 Nf6 3. Nc3 Nc6 4. d4 d5 5. exd5 Nxd5 6. Nxd5 Qxd5 7. Be3 cxd4 8. Nxd4 a6 9. Nb3 Qxd1+ 10. Rxd1 e5 11. Bc4 Bf5 12. c3 Rc8 13. Bd5 Be7 14. Nc5 Bxc5 15. Bxc5 Nd8 16. Ba3 Be6 17. O-O f6 18. f4 Bxd5 19. Rxd5 Nc6 20. Rfd1 exf4 21. Rd7 Rd8 22. Rxd8+ Nxd8 23. Kf2 g5 24. Kf3 Kf7 25. Rd7+ Ke6 26. Re7+ Kf5 27. g4+ fxg3 28. hxg3 h5 29. Bc5 Ne6 30. Bd4 g4+ 31. Ke3 b5 32. Rf7 Rh6 33. a4 Ng5 34. Rf8 Ne4 35. axb5 axb5 36. b3 Nxg3 37. c4 bxc4 38. bxc4 h4 39. c5 h3 40. c6 Rh7 41. Rxf6+ Kg5 42. Rf2 Nf5+ 43. Rxf5+ Kxf5 44. Bb6 Re7+ 45. Kf2 Ke6 46. c7 Kd7 47. Kg3 Re4 48. Ba5 Rc4 49. Bb6 Ra4 0-1


[Site "https://www.chess.com"]

[Event "Titled Tuesday Blitz July 11 Late 2023"]
[White "Di Berardino, Diego Rafael"]
[Black "Trifan, Andrei Ioan"]
[WhiteFideId "2105446"]
[BlackFideId "12967068"]
[WhiteElo "2631"]
[BlackElo "2510"]
[Result "0-1"]
[Round "6"]
[TimeControl "180+2"]
[Date "2023.07.11"]
[WhiteClock "0:00:00"]
[BlackClock "0:00:10"]
[Board "56"]

1. d4 Nf6 2. c4 g6 3. Nc3 Bg7 4. e4 O-O 5. f3 d6 6. Bg5 Nbd7 7. Nh3 c6 8. Nf2 Qc7 9. Qd2 e5 10. d5 cxd5 11. cxd5 Nc5 12. Be2 Bd7 13. O-O a5 14. Rfc1 a4 15. Be3 Qa5 16. Qd1 Rfc8 17. Rab1 b5 18. b4 axb3 19. axb3 b4 20. Ra1 Qd8 21. Nb5 Bf8 22. Na7 Rc7 23. Nc6 Bxc6 24. dxc6 Rxc6 25. Bc4 Rxa1 26. Rxa1 Rc8 27. Bg5 h6 28. Bxf6 Qxf6 29. Ra7 Ne6 30. Ng4 Qg5 31. g3 h5 32. h4 Qd8 33. Nf2 Qb6 34. Ra6 Qe3 35. Qd5 Qxf3 36. Nh1 Bh6 37. Ra7 Rf8 38. Kh2 Qe2+ 39. Kh3 Qf3 40. Kh2 Be3 41. Re7 Qf6 42. Rd7 Qf3 43. Re7 Qf6 44. Rd7 Nd4 45. Kh3 Qf3 46. Kh2 Qf6 0-1


[Site "https://www.chess.com"]

[Event "Titled Tuesday Blitz July 11 Late 2023"]
[White "Skliarov, Viktor"]
[Black "Peycheva, Gergana"]
[WhiteFideId "14106736"]
[BlackFideId "2916711"]
[WhiteElo "2631"]
[BlackElo "2508"]
[Result "1-0"]
[Round "6"]
[TimeControl "180+2"]
[Date "2023.07.11"]
[WhiteClock "0:00:47"]
[BlackClock "0:00:00"]
[Board "57"]

1. e4 c5 2. Nf3 Nc6 3. Bb5 g6 4. O-O Bg7 5. Re1 Nf6 6. e5 Nd5 7. Nc3 Nc7 8. Bxc6 dxc6 9. Ne4 Ne6 10. d3 O-O 11. Be3 b6 12. Qd2 Nd4 13. Nxd4 cxd4 14. Bh6 Bf5 15. Ng3 Qd7 16. h4 Rad8 17. h5 Qe6 18. Bxg7 Kxg7 19. h6+ Kh8 20. a4 Rd7 21. Qg5 f6 22. exf6 Qxf6 23. Qxf6+ Rxf6 24. Re5 Kg8 25. a5 b5 26. b4 Kf7 27. Rae1 e6 28. Rc5 Rd6 29. Ree5 g5 30. Nxf5 exf5 31. Rxf5 Rxf5 32. Rxf5+ Kg6 33. Re5 Kxh6 34. Re7 a6 35. Ra7 c5 36. Rb7 cxb4 37. Rb6 b3 38. Rxd6+ Kg7 39. cxb3 1-0


[Site "https://www.chess.com"]

[Event "Titled Tuesday Blitz July 11 Late 2023"]
[White "Forgacs, Attila Jr."]
[Black "Fiorito, Joaquin"]
[WhiteFideId "773654"]
[BlackFideId "180173"]
[WhiteElo "2507"]
[BlackElo "2625"]
[Result "1-0"]
[Round "6"]
[TimeControl "180+2"]
[Date "2023.07.11"]
[WhiteClock "0:00:05"]
[BlackClock "0:01:01"]
[Board "58"]

1. e4 c5 2. Nf3 d6 3. d4 cxd4 4. Nxd4 Nf6 5. Nc3 a6 6. f3 e5 7. Nb3 Be7 8. Be3 Be6 9. Qd2 h5 10. Nd5 Nxd5 11. exd5 Bf5 12. Be2 Nd7 13. c4 Bh4+ 14. g3 Be7 15. O-O b6 16. Rae1 a5 17. a4 O-O 18. f4 exf4 19. Bxf4 Bg6 20. Nd4 Ne5 21. Nc6 Nxc6 22. dxc6 Be4 23. Bf3 Bxf3 24. Rxf3 Rc8 25. Qd5 Bf6 26. Bxd6 Re8 27. Ref1 Re6 28. Ba3 Rexc6 29. b3 Qxd5 30. cxd5 Rc3 31. d6 Rc2 32. d7 Rd8 33. Rd3 Ra2 34. Rxf6 Rxa3 35. Rxb6 Kf8 36. Rb5 g6 37. Rxa5 Ra2 38. Rb5 Ke7 39. Rb7 Re2 40. h4 Ke6 41. Kf1 Re5 42. Rb6+ Ke7 43. Rb7 Ke6 44. Kf2 Rc5 45. Kf3 Kf5 46. Rb5 Rxb5 47. axb5 Ke6 48. Kf4 f6 49. Ke4 Ke7 50. Rd5 Rb8 51. d8=Q+ Rxd8 52. Rxd8 Kxd8 53. Kd5 Kd7 54. b4 g5 55. Ke4 Ke6 56. b6 Kd6 57. Kf5 gxh4 58. gxh4 Kc6 59. Kxf6 Kxb6 60. Kg5 Kb5 61. Kxh5 Kxb4 62. Kg6 Kc5 63. h5 Kd6 64. h6 1-0


[Site "https://www.chess.com"]

[Event "Titled Tuesday Blitz July 11 Late 2023"]
[White "Mindhunter08"]
[Black "Grebeniuk, Semen"]
[BlackFideId "14117509"]
[WhiteElo "2506"]
[BlackElo "2622"]
[Result "1-0"]
[Round "6"]
[TimeControl "180+2"]
[Date "2023.07.11"]
[WhiteClock "0:00:07"]
[BlackClock "0:00:06"]
[Board "59"]

1. e4 c5 2. Nf3 Nc6 3. Bb5 g6 4. Bxc6 dxc6 5. d3 Bg7 6. Nc3 e5 7. Be3 b6 8. a4 a5 9. Nd2 Nf6 10. h3 Qc7 11. Nc4 Nd7 12. O-O Ba6 13. b3 O-O 14. f4 Bxc4 15. bxc4 exf4 16. Bxf4 Be5 17. Qd2 Rae8 18. Rae1 Bxf4 19. Qxf4 Re5 20. Qg3 Qd6 21. Nd1 Qd4+ 22. Kh2 h6 23. Ne3 Rg5 24. Qc7 Qe5+ 25. Qxe5 Rxe5 26. Ng4 Re6 27. Nxh6+ Kg7 28. Ng4 Rfe8 29. Re2 f5 30. Ref2 Ne5 31. exf5 gxf5 32. Ne3 Nf3+ 33. Rxf3 Rxe3 34. Rxf5 R8e7 35. R1f2 Re2 36. Rf7+ Kg6 37. R2f6+ Kg5 38. Rxe7 Rxe7 39. Rxc6 Rb7 40. Kg3 Kf5 41. Kf3 Ke5 42. g4 Kd4 43. g5 Kc3 44. g6 Kxc2 45. Ke4 Re7+ 46. Kf5 Kxd3 47. Kf6 Re1 48. g7 Rg1 49. Kf7 Rf1+ 50. Rf6 Rg1 51. Rg6 1-0


[Site "https://www.chess.com"]

[Event "Titled Tuesday Blitz July 11 Late 2023"]
[White "Merino Garcia, Rafael II"]
[Black "Banzea, Alexandru-Bogdan"]
[WhiteFideId "2209128"]
[BlackFideId "1232622"]
[WhiteElo "2506"]
[BlackElo "2619"]
[Result "0-1"]
[Round "6"]
[TimeControl "180+2"]
[Date "2023.07.11"]
[WhiteClock "0:00:28"]
[BlackClock "0:00:38"]
[Board "60"]

1. d4 Nf6 2. Nf3 c5 3. d5 b5 4. c3 a6 5. a4 Bb7 6. axb5 axb5 7. Rxa8 Bxa8 8. e4 Nxe4 9. Bxb5 g6 10. O-O Bg7 11. Re1 Nf6 12. c4 O-O 13. Nc3 e6 14. Bg5 h6 15. Bh4 exd5 16. Nxd5 Bxd5 17. cxd5 Qb6 18. Qd3 d6 19. b3 Nbd7 20. Bc6 Rb8 21. Bg3 Bf8 22. Ba4 Nh5 23. Nd2 Nxg3 24. hxg3 Ne5 25. Qe4 Qb4 26. Nc4 Nxc4 27. Qxc4 Qxe1+ 0-1


[Site "https://www.chess.com"]

[Event "Titled Tuesday Blitz July 11 Late 2023"]
[White "Urbina Perez, Juan Antonio"]
[Black "Veiga, Jose Francisco R P Neves"]
[WhiteFideId "2217368"]
[BlackFideId "1930087"]
[WhiteElo "2503"]
[BlackElo "2611"]
[Result "1-0"]
[Round "6"]
[TimeControl "180+2"]
[Date "2023.07.11"]
[WhiteClock "0:00:12"]
[BlackClock "0:00:00"]
[Board "61"]

1. e4 Nc6 2. Nf3 d6 3. Nc3 Nf6 4. h3 e5 5. d4 exd4 6. Nxd4 Bd7 7. Bb5 Nxd4 8. Bxd7+ Qxd7 9. Qxd4 Be7 10. b3 O-O 11. Bb2 c6 12. O-O-O Qc7 13. Rhe1 Rfe8 14. f4 b5 15. g4 Bf8 16. g5 Nd7 17. h4 a5 18. a4 b4 19. Ne2 Nc5 20. Ng3 Ne6 21. Qf2 d5 22. Be5 Bd6 23. Bxd6 Qxd6 24. e5 Qc5 25. Qd2 Qc3 26. Qxc3 bxc3 27. f5 Nf4 28. Re3 Ng2 29. Rxc3 Nxh4 30. f6 Rxe5 31. fxg7 Rxg5 32. Ne2 Rg6 33. Nd4 Rc8 34. Rf1 Kxg7 35. Rh3 Ng2 36. Nf5+ Kf8 37. Rxh7 Ke8 38. Rf2 Kd7 39. Rxf7+ Ke6 40. Re7+ Kf6 41. Ree2 Nh4 42. Nd6+ Kg7 43. Nxc8 Rg1+ 44. Kb2 Ng6 45. Rg2 Rxg2 46. Rxg2 Kf7 47. Rxg6 Kxg6 48. Ne7+ 1-0


[Site "https://www.chess.com"]

[Event "Titled Tuesday Blitz July 11 Late 2023"]
[White "Piesik, Piotr"]
[Black "Rangel, Daniel"]
[WhiteFideId "1136194"]
[BlackFideId "2124475"]
[WhiteElo "2604"]
[BlackElo "2496"]
[Result "1/2-1/2"]
[Round "6"]
[TimeControl "180+2"]
[Date "2023.07.11"]
[WhiteClock "0:00:08"]
[BlackClock "0:00:03"]
[Board "62"]

1. Nf3 Nf6 2. g3 e6 3. Bg2 d5 4. O-O Be7 5. d3 O-O 6. Nbd2 b6 7. e4 dxe4 8. dxe4 Bb7 9. Qe2 c5 10. Rd1 Qc7 11. c3 Nc6 12. Nf1 Rad8 13. Bf4 Qc8 14. Ne5 Nxe5 15. Bxe5 Rxd1 16. Rxd1 Rd8 17. f3 Rxd1 18. Qxd1 Qd7 19. Qxd7 Nxd7 20. Bc7 Kf8 21. Ne3 Ke8 22. Nc4 Ba6 23. Bf1 Bxc4 24. Bxc4 h6 25. Bb5 Bd8 26. Bb8 Ke7 27. Bxa7 Bc7 28. a4 Kd6 29. Kf2 Ne5 30. f4 Nc6 31. e5+ Kd7 32. a5 bxa5 33. Bxc5 Bd8 34. Bd6 Bb6+ 35. Ke2 h5 36. h3 g6 37. g4 hxg4 38. hxg4 Ba7 39. Kd3 Bb6 40. Ke4 Bf2 41. f5 gxf5+ 42. gxf5 Bb6 43. f6 Bf2 44. Kd3 Bb6 45. Kc4 Be3 46. Ba4 Bf4 47. Kd3 Bg3 48. Ke4 Bf2 49. b4 Bb6 50. bxa5 Bxa5 51. c4 Bb6 52. Kd3 Bf2 53. Kc3 Bb6 54. Kb3 Ba5 55. Bb5 Bb6 56. Ka4 Bd8 57. Ka3 Ba5 58. Kb3 Bb6 59. Kc3 Be3 60. Kd3 Bc1 61. Ke4 Bg5 62. Bc5 Bc1 63. Be3 Ba3 64. Bf4 Kc7 65. Kf3 Bb2 66. Bxc6 Kxc6 67. Ke4 Kc5 68. Kd3 Kc6 69. Bg3 Ba1 70. Kc2 Bd4 71. Kb3 Kc5 72. Bf4 Ba1 73. Be3+ Kc6 74. Bf4 Kc5 75. Ka2 Bd4 76. Kb3 Ba1 1/2-1/2


[Site "https://www.chess.com"]

[Event "Titled Tuesday Blitz July 11 Late 2023"]
[White "Ganiev, Roman"]
[Black "Yurasova, Daria"]
[WhiteFideId "4131452"]
[BlackFideId "34146919"]
[WhiteElo "2602"]
[BlackElo "2492"]
[Result "1-0"]
[Round "6"]
[TimeControl "180+2"]
[Date "2023.07.11"]
[WhiteClock "0:00:27"]
[BlackClock "0:00:00"]
[Board "63"]

1. e4 e5 2. d4 exd4 3. Qxd4 Nc6 4. Qe3 Nf6 5. Nc3 Bb4 6. Bd2 d6 7. O-O-O Be6 8. f3 Qd7 9. a3 Ba5 10. Bb5 Bb6 11. Qe1 O-O-O 12. Be3 Qe7 13. Nh3 Ne5 14. Nf4 Bc4 15. Bxb6 axb6 16. Bxc4 Nxc4 17. Ncd5 Nxd5 18. Nxd5 Qe5 19. Qb4 Na5 20. Rd3 Nc6 21. Qa4 Kb8 22. Kb1 Rhe8 23. Nc3 Qc5 24. Rhd1 f5 25. Nb5 Re5 26. Rd5 Rxd5 27. exd5 Na5 28. Nc3 Qf2 29. Qd4 Qxd4 30. Rxd4 c5 31. Rh4 g5 32. Rxh7 Re8 33. b3 Re4 34. fxe4 1-0


[Site "https://www.chess.com"]

[Event "Titled Tuesday Blitz July 11 Late 2023"]
[White "Janturin, Artur"]
[Black "Alboredo, Julia"]
[WhiteFideId "4130022"]
[BlackFideId "2124807"]
[WhiteElo "2599"]
[BlackElo "2484"]
[Result "1-0"]
[Round "6"]
[TimeControl "180+2"]
[Date "2023.07.11"]
[WhiteClock "0:00:08"]
[BlackClock "0:00:08"]
[Board "64"]

1. b3 Nf6 2. Bb2 g6 3. Bxf6 exf6 4. c4 f5 5. Nc3 Bg7 6. g3 d6 7. Bg2 O-O 8. e3 Nd7 9. Nge2 Nf6 10. Qc2 h5 11. h4 Re8 12. O-O c6 13. b4 a6 14. a4 Be6 15. d3 Ng4 16. b5 axb5 17. axb5 Qd7 18. Ra4 Rxa4 19. Qxa4 Rc8 20. Rb1 Ne5 21. Nf4 Nxd3 22. Nce2 Nc5 23. Qb4 Ra8 24. Nd4 Ra4 25. Qd2 Bxd4 26. exd4 Ne4 27. Bxe4 fxe4 28. bxc6 bxc6 29. Rb8+ Kh7 30. d5 Qa7 31. Qb2 f6 32. Nxe6 Ra1+ 33. Kg2 Ra2 34. Rb7+ Kh6 35. Qc1+ g5 36. Rxa7 Rxa7 37. dxc6 1-0


[Site "https://www.chess.com"]

[Event "Titled Tuesday Blitz July 11 Late 2023"]
[White "SergioMoralesG"]
[Black "NLLO777"]
[WhiteElo "2470"]
[BlackElo "2592"]
[Result "0-1"]
[Round "6"]
[TimeControl "180+2"]
[Date "2023.07.11"]
[WhiteClock "0:00:00"]
[BlackClock "0:00:10"]
[Board "65"]

1. d4 Nf6 2. c4 c5 3. d5 b5 4. cxb5 a6 5. bxa6 d6 6. Nc3 g6 7. e4 Bg7 8. Bb5+ Nbd7 9. Nf3 Bxa6 10. Bxa6 Rxa6 11. O-O O-O 12. Re1 Ne8 13. a4 Nc7 14. Bf4 Qb8 15. Qd2 f6 16. h4 Qb7 17. h5 Rb8 18. Rab1 Rb6 19. hxg6 hxg6 20. Nd1 Qa6 21. Nh4 g5 22. Bxg5 fxg5 23. Qxg5 Ne8 24. Re3 Ndf6 25. Nf5 Qxa4 26. Qg6 Kf8 27. Nc3 Qc2 28. Nh6 Bxh6 29. Qxh6+ Ng7 30. Rg3 Rxb2 31. Qxg7+ Ke8 32. Rxb2 Rxb2 33. Rf3 Rb3 34. Qg6+ Kd8 35. Na4 Rxf3 36. gxf3 Qxa4 37. Qf7 Qd1+ 38. Kg2 Qd4 39. Qe6 Qe5 40. Qf7 Qg5+ 41. Kf1 Qh5 42. Ke2 Qxf7 0-1


[Site "https://www.chess.com"]

[Event "Titled Tuesday Blitz July 11 Late 2023"]
[White "Zavgorodniy, Sergiy"]
[Black "Matt, Fabian"]
[WhiteFideId "14110148"]
[BlackFideId "1623303"]
[WhiteElo "2591"]
[BlackElo "2458"]
[Result "1-0"]
[Round "6"]
[TimeControl "180+2"]
[Date "2023.07.11"]
[WhiteClock "0:00:18"]
[BlackClock "0:00:01"]
[Board "66"]

1. d4 Nf6 2. c4 e6 3. Nf3 d5 4. e3 Be7 5. Nbd2 O-O 6. Bd3 c5 7. b3 cxd4 8. exd4 Nc6 9. Bb2 b6 10. O-O Bb7 11. Qe2 Rc8 12. Rac1 Qc7 13. Rfd1 Qb8 14. Ne5 Rfd8 15. Ndf3 Bf8 16. Nxf7 Re8 17. N7e5 dxc4 18. bxc4 Bd6 19. Bb1 Ne7 20. Re1 Nf5 21. g4 Bxe5 22. Nxe5 Nh4 23. g5 Nd7 24. Qh5 Nxe5 25. Qxh7+ Kf8 26. Qh8+ Ke7 27. Qxg7+ Nf7 28. Ba3+ Rc5 29. dxc5 Nf3+ 30. Kf1 Nxh2+ 31. Ke2 Bf3+ 32. Kd3 Qd8+ 33. Kc3 Rf8 34. cxb6+ Ke8 35. Qxf8+ Kd7 36. Rcd1+ 1-0


[Site "https://www.chess.com"]

[Event "Titled Tuesday Blitz July 11 Late 2023"]
[White "Swayams, Mishra"]
[Black "Romero Ruscalleda, Josep"]
[WhiteFideId "5028183"]
[BlackFideId "2231859"]
[WhiteElo "2591"]
[BlackElo "2458"]
[Result "1-0"]
[Round "6"]
[TimeControl "180+2"]
[Date "2023.07.11"]
[WhiteClock "0:01:27"]
[BlackClock "0:01:03"]
[Board "67"]

1. d4 g6 2. c4 Bg7 3. Nf3 d6 4. e4 Nc6 5. Be3 Bg4 6. Be2 e5 7. d5 Nce7 8. Nc3 Bxf3 9. Bxf3 f5 10. Qa4+ Qd7 11. Qxd7+ Kxd7 12. g3 Bh6 13. Ke2 Bxe3 14. Kxe3 Nf6 15. Rae1 Rhf8 16. Rhf1 fxe4 17. Nxe4 Nf5+ 18. Kd3 Nxe4 19. Bxe4 Nd4 20. f4 c5 21. dxc6+ Nxc6 22. Bxc6+ bxc6 23. fxe5 Rxf1 24. Rxf1 dxe5 25. Rf7+ Ke6 26. Rxh7 Rd8+ 27. Ke3 a5 28. Rc7 Kd6 29. Rg7 Kc5 30. Rxg6 Rb8 31. b3 a4 32. h4 axb3 33. axb3 Rxb3+ 34. Ke4 Rc3 35. Kxe5 Rxc4 36. h5 Rc1 37. h6 Re1+ 38. Kf5 Rh1 39. g4 Kd5 40. g5 c5 41. Rg8 c4 42. Rc8 Rh3 43. Kg6 c3 44. h7 Kd4 45. h8=Q+ Rxh8 46. Rxh8 c2 47. Rc8 1-0


[Site "https://www.chess.com"]

[Event "Titled Tuesday Blitz July 11 Late 2023"]
[White "Manukyan, Artyom"]
[Black "Bueno, Alfeu Junior Varela"]
[WhiteFideId "13305786"]
[BlackFideId "2108879"]
[WhiteElo "2575"]
[BlackElo "2450"]
[Result "1-0"]
[Round "6"]
[TimeControl "180+2"]
[Date "2023.07.11"]
[WhiteClock "0:02:16"]
[BlackClock "0:00:11"]
[Board "68"]

1. e4 e6 2. d4 d5 3. Bd3 Nf6 4. e5 Nfd7 5. c3 c5 6. Ne2 Nc6 7. a3 Qb6 8. b4 cxd4 9. cxd4 Nxd4 10. Be3 Nxe5 11. Bxd4 Nxd3+ 12. Qxd3 Qd8 13. O-O Bd7 14. Nbc3 Qh4 15. Be5 Be7 16. Nd4 O-O 17. Rae1 Rac8 18. Re3 Bd8 19. Rh3 Rxc3 20. Qxc3 Qe4 21. Qd3 f6 22. Qxe4 dxe4 23. Bd6 e5 24. Bxf8 exd4 25. Bc5 Bxh3 26. gxh3 d3 27. Be3 Kf7 28. f3 exf3 29. Rxf3 Ke6 30. Kf2 Kd5 31. Rf4 Bb6 32. Bxb6 axb6 33. Ke3 Ke5 34. Re4+ Kf5 35. Re7 d2 36. Kxd2 1-0


[Site "https://www.chess.com"]

[Event "Titled Tuesday Blitz July 11 Late 2023"]
[White "Sztokbant, Bernardo Vainzoff"]
[Black "Pinheiro, Iung Alicio de O."]
[WhiteFideId "2115956"]
[BlackFideId "2104350"]
[WhiteElo "2449"]
[BlackElo "2572"]
[Result "0-1"]
[Round "6"]
[TimeControl "180+2"]
[Date "2023.07.11"]
[WhiteClock "0:00:07"]
[BlackClock "0:00:47"]
[Board "69"]

1. e4 e6 2. d3 c5 3. Nf3 Nc6 4. g3 Nge7 5. Bg2 g6 6. O-O Bg7 7. Re1 d6 8. Nbd2 O-O 9. Nf1 Rb8 10. h4 h6 11. N1h2 e5 12. Be3 f5 13. Qd2 Kh7 14. c3 Be6 15. h5 Qd7 16. hxg6+ Nxg6 17. exf5 Bxf5 18. d4 cxd4 19. cxd4 e4 20. Nh4 Nxh4 21. gxh4 d5 22. Nf1 Rg8 23. Ng3 Bh3 24. Bh1 Rbf8 25. Rac1 Bg4 26. Rc5 Bf3 27. Bg2 Bxg2 28. Kxg2 Rf3 29. Rec1 Bf8 30. R5c3 Bd6 31. Rh1 Bxg3 32. fxg3 Rgxg3+ 0-1


[Site "https://www.chess.com"]

[Event "Titled Tuesday Blitz July 11 Late 2023"]
[White "Kaplan, Avi Harrison"]
[Black "Siniauski, Artsiom"]
[WhiteFideId "30934559"]
[BlackFideId "13512269"]
[WhiteElo "2449"]
[BlackElo "2568"]
[Result "1-0"]
[Round "6"]
[TimeControl "180+2"]
[Date "2023.07.11"]
[WhiteClock "0:00:05"]
[BlackClock "0:00:00"]
[Board "70"]

1. b3 e5 2. Bb2 d6 3. e3 Nd7 4. g3 Ngf6 5. Bg2 Be7 6. Ne2 c6 7. O-O Qc7 8. f4 h6 9. c4 a6 10. Nbc3 b5 11. cxb5 axb5 12. Nxb5 Qb6 13. Nbc3 Ba6 14. Qc2 O-O 15. Rfe1 Rfc8 16. Na4 Qd8 17. d4 exf4 18. Nxf4 Rab8 19. e4 c5 20. d5 c4 21. Qd1 Ne5 22. Rc1 cxb3 23. axb3 Rxc1 24. Bxc1 Qa5 25. Bd2 Qb5 26. Bf1 Qb7 27. Bxa6 Qxa6 28. Bc3 Nfg4 29. h3 Qa7+ 30. Bd4 Qxd4+ 31. Qxd4 Nf3+ 32. Kg2 Nxd4 33. hxg4 Rxb3 34. Rd1 Rb4 35. Nb6 Rb2+ 36. Kf1 Nf3 37. Nc4 Ra2 38. Ne3 1-0


[Site "https://www.chess.com"]

[Event "Titled Tuesday Blitz July 11 Late 2023"]
[White "Andrews, Todd"]
[Black "Boldoo, Erdenepurev"]
[WhiteFideId "2012456"]
[BlackFideId "4901037"]
[WhiteElo "2443"]
[BlackElo "2565"]
[Result "0-1"]
[Round "6"]
[TimeControl "180+2"]
[Date "2023.07.11"]
[WhiteClock "0:00:20"]
[BlackClock "0:00:09"]
[Board "71"]

1. e4 e6 2. d4 d5 3. Nc3 Bb4 4. e5 c5 5. a3 Bxc3+ 6. bxc3 Qa5 7. Bd2 Qa4 8. Nf3 b6 9. h4 Ba6 10. Bxa6 Qxa6 11. a4 Nc6 12. h5 h6 13. Rh4 Nge7 14. Qe2 Qxe2+ 15. Kxe2 Na5 16. dxc5 bxc5 17. Rb1 a6 18. Bf4 Kd7 19. Rhh1 Rab8 20. g4 Nc4 21. Nd2 Nxd2 22. Bxd2 f6 23. exf6 Rxb1 24. fxg7 Rhb8 25. Rxb1 Rxb1 26. Bxh6 Ng8 27. Be3 Rh1 28. Bxc5 e5 29. Kf3 Ke6 30. Kg2 Rc1 31. g5 Kf5 32. h6 Kg6 33. Bd6 e4 34. Kg3 Rxc2 35. Be5 Ra2 36. Bd4 Rxa4 37. Kf4 Rxd4 38. cxd4 a5 39. Ke5 a4 40. Kxd5 a3 41. Kxe4 a2 42. f4 a1=Q 43. f5+ Kh7 44. f6 Qb1+ 45. Ke5 Qg6 46. Ke6 Qxg5 47. f7 Qf6+ 48. Kd7 Qxf7+ 49. Kc6 Ne7+ 50. Kc5 Nd5 51. Kd6 Qg8 52. Ke5 Kxh6 53. Kf5 Kxg7 54. Ke5 Kg6 0-1


[Site "https://www.chess.com"]